 Dungeon Crawl Stone Soup version 0.21-a0-442-g848f44b (webtiles) character file.

148 tof the Slasher (level 5, -5/42 HPs)
             Began as a Demonspawn Monk on Nov 14, 2017.
             Killed from afar by an orc wizard (7 damage)
             ... with a puff of flame
             ... on level 3 of the Dungeon.
             The game lasted 00:03:02 (2592 turns).

tof the Slasher (Demonspawn Monk)                   Turns: 2592, Time: 00:03:03

Health: -5/42      AC:  2    Str: 11    XL:     5   Next: 8%
Magic:  0/5        EV: 14    Int: 12    God:
Gold:   157        SH:  0    Dex: 16    Spells: 4/4 levels left

rFire    . . .     SeeInvis .   t - +2 glaive (vamp)
rCold    . . .     Gourm    .   (shield currently unavailable)
rNeg     . . .     Faith    .   b - +0 robe
rPois    .         Spirit   +   (helmet restricted)
rElec    .         Reflect  .   (no cloak)
rCorr    .         Harm     .   (no gloves)
MR       .....                  (no boots)
Stlth    ++........             (no amulet)
HPRegen  0.14/turn              q - ring of flight
MPRegen  0.09/turn              (no ring)

@: lethally poisoned (-5 -> -20), slowed, very slow
A: horns 1, magic shield
a: Evoke Flight


You were on level 3 of the Dungeon.
You were not hungry.

You visited 1 branch of the dungeon, and saw 3 of its levels.

You collected 157 gold pieces.

Inventory:

Hand Weapons
 a - a +0 falchion
 t - a +2 vampiric glaive (weapon)
Armour
 b - a +0 robe (worn)
Jewellery
 q - a ring of flight (left hand)
Wands
 r - a wand of confusion (18/48)
Scrolls
 d - a scroll of random uselessness {unknown}
 e - a scroll of enchant weapon {unknown}
 h - a scroll of fog {unknown}
 i - 2 scrolls of teleportation {unknown}
 j - 2 scrolls of enchant armour {unknown}
 k - a scroll of fear {unknown}
 m - a scroll of amnesia {unknown}
 n - a scroll of recharging {unknown}
 o - 2 scrolls of identify {unknown}
 s - 2 scrolls of remove curse {unknown}
 v - a scroll of magic mapping {unknown}
Potions
 f - 5 potions of curing {unknown}
 g - a potion of brilliance {unknown}
 l - a potion of mutation {unknown}
 u - a potion of heal wounds {unknown}
Comestibles
 c - a bread ration
 p - 3 fruits


   Skills:
 + Level 3.7 Fighting
 * Level 3.9 Long Blades
 + Level 1.6 Armour
 + Level 3.4 Dodging
 - Level 1.7 Stealth


You had 4 spell levels left.
You didn't know any spells.

Dungeon Overview and Level Annotations

Branches:
Dungeon (3/15)

Altars:
Vehumet


Innate Abilities, Weirdness & Mutations

You have a pair of small horns on your head.
When hurt, damage is shared between your health and your magic reserves.


Message History

The orc wizard hits you but does no damage.
The adder bites you.
The orc wizard hits you but does no damage.
You are electrocuted!
You bump into the crystal wall.
You feel less confused.
You feel sick. The orc wizard misses you. The adder bites you.
You are more poisoned.
The adder poisons you! The orc hits you with a falchion.
* * * LOW HITPOINT WARNING * * *
The orc wizard casts a spell at you. The magic dart hits you!
* * * LOW HITPOINT WARNING * * *
The adder bites you.
* * * LOW HITPOINT WARNING * * *
You are more poisoned.
The adder poisons you! The orc wizard casts a spell at you.
The puff of flame hits you!
You die...

...# ##..<......
.....##.
######..........
..... #.# #..
#......#...# ....###
. #..
#.....###.###......#
#..
#......#...#.......#
#..
#....†..._..........
#.. #......#...#
....# #...
#.....###.###o...#
....
#......#...#@o..#
....
#...........oS.#...#
..#
#..##########†...# #
#..# ..### #####..#
..# .......# ..#
.......# ..#
......## ..# ......#
..#


You could see 2 orc wizards, an adder and an orc.

Vanquished Creatures
  Jessica (D:2)
  A worker ant (D:3)
  5 adders
  An ooze (D:1)
  3 worms
  A dart slug (D:1)
  A leopard gecko (D:3)
  An orc (D:3)
  A giant cockroach (D:1)
  4 goblins
  4 hobgoblins
  2 jackals (D:1)
  4 kobolds
  A quokka (D:2)
  3 bats (D:1)
  2 frilled lizards (D:3)
  6 rats
41 creatures vanquished.

Notes
Turn   | Place    | Note
-------+----------+-------------------------------------------
     0 | D:1      | tof the Demonspawn Monk began the quest for the Orb.
     0 | D:1      | Reached XP level 1. HP: 18/18 MP: 1/1
   142 | D:1      | Gained mutation: You have a pair of small horns on your head. [demonic ancestry]
   142 | D:1      | Reached XP level 2. HP: 14/24 MP: 2/2
   852 | D:2      | Reached XP level 3. HP: 22/29 MP: 3/3
  1156 | D:2      | Reached skill level 1 in Armour
  1222 | D:2      | Noticed Jessica
  1231 | D:2      | Killed Jessica
  1583 | D:2      | Gained mutation: When hurt, damage is shared between your health and your magic reserves. [demonic ancestry]
  1583 | D:2      | Reached XP level 4. HP: 29/35 MP: 4/4
  2548 | D:3      | Reached XP level 5. HP: 42/42 MP: 5/5
  2553 | D:3      | Found a radiant altar of Vehumet.
  2592 | D:3      | HP: 2/42 [adder (2)]
  2592 | D:3      | Killed from afar by an orc wizard

Vault maps used:
D:1:      minmay_arrival_shattered_statue
D:2:      uniq_jessica
D:3:      vehumet_crystals, chequers_ecumenical_altar_twisty

Skill      XL: |  1  2  3 |
---------------+----------+-----
Long Blades    | 3 |  3.9
Dodging        | 3 |  3.4
Armour         | 1 |  1.6
Fighting       | |  3.7
Stealth        | |  1.7

Action                   |  1- 3 |  4- 6 || total
-------------------------+-------+-------++-------
Melee: Falchion          |    85 |    27 ||   112
       Headbutt          |     5 |     9 ||    14
       Glaive            |       |    13 ||    13
 Stab: Sleeping          |     3 |     3 ||     6
  Eat: Chunk             |     2 |     1 ||     3
       Fruit             |       |     3 ||     3
       Bread ration      |       |     1 ||     1
Armor: Robe              |    18 |     7 ||    25
Dodge: Dodged            |    59 |    33 ||    92
       Rpst.: Falchion   |    14 |     8 ||    22

Table legend:
 A = Spawn XP
 B = Non-spawn XP
 C = Spawn XP percentage of total XP
 D = Spawn monster count
 E = Non-spawn monster count
 F = Spawn count percentage of total count
 G = Total turns spent on level
                    A         B        C        D         E        F      G
               +---------+---------+-------+---------+---------+-------+---------
         Total |       0 |     212 |   0.0 |       0 |      41 |   0.0 |  2592
               +---------+---------+-------+---------+---------+-------+---------
           D:1 |       0 |      39 |   0.0 |       0 |      19 |   0.0 |   842
           D:2 |       0 |      67 |   0.0 |       0 |       8 |   0.0 |  1321
           D:3 |       0 |     106 |   0.0 |       0 |      14 |   0.0 |   429
               +---------+---------+-------+---------+---------+-------+---------
